 Dungeon Crawl Stone Soup version 0.27.0-1-g7a089689b8 (webtiles) character file.

Game seed: 5381877299500348655

184 GordonOverkill the Sneak (level 5, -1/31 HPs)
             Began as a Deep Elf Brigand on Aug 8, 2021.
             Slain by an ice beast (6 damage)
             ... on level 3 of the Dungeon.
             The game lasted 00:09:43 (3717 turns).

GordonOverkill the Sneak (Deep Elf Brigand)         Turns: 3717, Time: 00:09:44

Health: -1/31      AC:  7    Str:  9    XL:     5   Next: 36%
Magic:  7/7        EV: 11    Int: 16    God:
Gold:   69         SH:  0    Dex: 16    Spells: 4/4 levels left

rFire    . . .     SeeInvis .   a - +2 dagger
rCold    + . .     Faith    .   (no shield)
rNeg     . . .     Spirit   .   l - +2 leather armour {rC+}
rPois    +         Reflect  .   (no helmet)
rElec    .         Harm     .   c - +1 cloak
rCorr    .         Rampage  .   (no gloves)
Will     .....                  (no boots)
Stlth    +++.......             (no amulet)
HPRegen  0.10/turn              b - ring of poison resistance
MPRegen  0.10/turn              (no ring)

@: no status effects
A: no striking features
a: no special abilities


You were on level 3 of the Dungeon.
You visited 1 branch of the dungeon, and saw 3 of its levels.

You collected 69 gold pieces.

Inventory:

Hand Weapons
 a - a +2 dagger (weapon)
 e - a +0 whip
Missiles
 g - 4 javelins (quivered)
Armour
 c - a +1 cloak (worn)
 l - a +2 leather armour of cold resistance (worn)
Jewellery
 b - a ring of poison resistance (left hand)
Potions
 h - a potion of resistance


   Skills:
 + Level 2.6 Fighting
 * Level 4.3 Short Blades
 + Level 3.0 Throwing
 - Level 1.2 Dodging
 - Level 4.8 Stealth


You had 4 spell levels left.
You didn't know any spells.
Your spell library was empty.

Dungeon Overview and Level Annotations

Branches:
Dungeon (3/15)

Altars:
Cheibriados


Message History

You hit the ice beast.
The ice beast is moderately wounded.
The ice beast closely misses you.
You hit the ice beast but do no damage.
The ice beast is moderately wounded.
The ice beast hits you. The ice beast freezes you! You resist.
* * * LOW HITPOINT WARNING * * *
You hit the ice beast.
The ice beast is heavily wounded.
You hit the ice beast but do no damage.
The ice beast is heavily wounded.
The ice beast hits you but does no damage.
You closely miss the ice beast.
The ice beast is heavily wounded.
The ice beast completely misses you.
Throw: 3 darts (poison)
Press: ? - help, Q - select action, (/) - cycle Shift-Dir - straight line, f/p - ice beast
Aim: an ice beast (heavily wounded, poisoned, 62% to hit)
You throw a poisoned dart. The poisoned dart hits the ice beast.
The ice beast is heavily wounded.
The ice beast hits you.
* * * LOW HITPOINT WARNING * * *
The ice beast freezes you. You resist.
* * * LOW HITPOINT WARNING * * *
The ice beast hits you but does no damage.
The ice beast looks more healthy.
Throw: 2 darts (poison)
Press: ? - help, Q - select action, (/) - cycle Shift-Dir - straight line, f/p - ice beast
Aim: an ice beast (almost dead, 62% to hit)
You throw a poisoned dart. The poisoned dart hits the ice beast.
The ice beast is almost dead.
Throw: dart (poison)
Press: ? - help, Q - select action, (/) - cycle Shift-Dir - straight line, f/p - ice beast
Aim: an ice beast (almost dead, 62% to hit)
You throw a poisoned dart.
The poisoned dart completely misses the ice beast.
The ice beast hits you.
* * * LOW HITPOINT WARNING * * *
The ice beast freezes you. You resist.
You die...

######## *** #>..@Y(#
**,** ##.####.#
**...####.....#.#####
*,.........##.#.#...#
**...#####.#....#...###
###.#### #..###.......#
#...,..# ##.# #.......#
#.#.##.# #.###....)..#
#.#..#.#####...#(..(#.#


You could see an ice beast.

Vanquished Creatures
  2 orc priests (D:3)
  A killer bee zombie (D:3)
  4 adders
  4 worms
  2 dart slugs (D:1)
  2 orcs (D:3)
  4 ball pythons
  6 endoplasms
  A giant cockroach (D:2)
  4 goblins (D:2)
  2 hobgoblins
  4 jackals (D:1)
  3 quokkas
  A bat (D:2)
  2 frilled lizards
  5 kobolds
  5 rats
52 creatures vanquished.

Notes
Turn   | Place    | Note
-------+----------+-------------------------------------------
     0 | D:1      | GordonOverkill the Deep Elf Brigand began the quest for the
                  | Orb.
     0 | D:1      | Reached XP level 1. HP: 12/12 MP: 3/3
    48 | D:1      | Reached XP level 2. HP: 2/17 MP: 4/4
  1492 | D:2      | Reached XP level 3. HP: 21/21 MP: 5/5
  2281 | D:2      | Reached XP level 4. HP: 26/26 MP: 6/6
  2494 | D:3      | HP: 1/26 [killer bee zombie (3)]
  2826 | D:3      | Found a snail-covered altar of Cheibriados.
  3285 | D:3      | Reached XP level 5. HP: 31/31 MP: 7/7
  3692 | D:3      | Noticed an ice beast
  3717 | D:3      | Slain by an ice beast

Illustrated notes

Levels and vault maps discovered:
D:1:      lordsloth_arrival_two_stooges, layout_loops_ring
D:2:      layout_basic, grunt_ministairs_10
D:3:      layout_loops_cross, lemuel_doored_altar, good_gods_temple_1,
          dilly_ecumenical_altar_fadedgnrine, serial_glass, glass_columns_b,
          glass_columns_a, glass_columns_b, glass_columns_a, glass_columns_a,
          glass_columns_a, grunt_ministairs_13, goddamned_bats

Skill      XL: |  1  2  3  4  5 |
---------------+----------------+-----
Fighting       | 2 |  2.6
Short Blades   | 3 4 |  4.3
Throwing       | 3 |  3.0
Dodging        | |  1.2
Stealth        | |  4.8

Action                   |  1- 3 |  4- 6 || total
-------------------------+-------+-------++-------
Melee: Dagger            |   107 |    65 ||   172
Throw: Dart              |    38 |    39 ||    77
  Use: Scroll            |     1 |     3 ||     4
       Potion            |       |     1 ||     1
 Stab: Sleeping          |     5 |     1 ||     6
Armor: Robe              |     4 |       ||     4
       Ring mail         |    32 |    24 ||    56
       Leather armour    |       |     3 ||     3
Dodge: Dodged            |    50 |    50 ||   100
